 Dungeon Crawl Stone Soup version 0.30.1-11-g7821555f0a (webtiles) character file.

Game seed: 15098448352105349584

197 hashsling the Twirler (level 6, 47/47 HPs)
             Began as a Human Gladiator on Jan 14, 2024.
             Quit the game on level 4 of the Dungeon.
             The game lasted 00:10:06 (2666 turns).

hashsling the Twirler (Human Gladiator)             Turns: 2666, Time: 00:10:06

Health: 47/47      AC:  7    Str: 16    XL:     6   Next: 5%
Magic:  6/6        EV: 12    Int: 14    God:
Gold:   184        SH:  0    Dex: 15    Spells: 5/5 levels left

rFire   . . .        b - +6 long sword "Tupnuoti" {venom, rCorr}
rCold   . . .        (no shield)
rNeg    . . .        m - +0 ring mail
rPois   .            o - +0 helmet
rElec   .            (no cloak)
rCorr   +            u - +0 pair of gloves
SInv    .            (no boots)
Will    .....        (no amulet)
Stlth   +            k - +6 ring of intelligence
HPRegen 0.27/turn    (no ring)
MPRegen 0.10/turn

%: no passive effects
@: no status effects
A: no striking features
a: no special abilities


You were on level 4 of the Dungeon.
You visited 1 branch of the dungeon, and saw 4 of its levels.

You collected 184 gold pieces.

Inventory:

Hand Weapons
 a - a +0 quarterstaff
 b - the +6 long sword "Tupnuoti" (weapon) {venom, rCorr}
   (You found it on level 2 of the Dungeon)

   rCorr:     It protects you from acid and corrosion.
Missiles
 d - 2 throwing nets (quivered)
 e - a javelin
 f - 34 stones
 p - 7 boomerangs
 t - 2 atropa-tipped darts
Armour
 h - a +0 chain mail
 m - a +0 ring mail (worn)
 o - a +0 helmet (worn)
 u - a +0 pair of gloves (worn)
Jewellery
 k - a +6 ring of intelligence (left hand)
Scrolls
 g - 8 scrolls of identify {unknown}
 i - 2 scrolls of immolation {unknown}
 j - a scroll of teleportation {unknown}
 n - 2 scrolls of amnesia {unknown}
 s - a scroll of vulnerability {unknown}
Potions
 c - a potion of heal wounds {unknown}
 l - 3 potions of flight {unknown}
 q - a potion of brilliance {unknown}
 r - a potion of mutation {unknown}


   Skills:
 * Level 3.0 Fighting
 * Level 2.2 Long Blades
 - Level 4.0 Staves
 - Level 2.0 Throwing
 + Level 1.2 Armour
 + Level 3.6 Dodging
 + Level 1.5 Stealth


You had 5 spell levels left.
You didn't know any spells.
Your spell library contained the following spells:

 Spells                   Type           Power      Damage    Failure   Level
 Static Discharge         Conj/Air       0%         2-2/arc   63%         2
 Airstrike                Air            0%         2d(0-16)  99%         4
 Summon Lightning Spire   Summ/Air       0%         N/A       99%         4


Dungeon Overview and Level Annotations

Branches:
Dungeon (4/15)
 Temple: D:4-7

Altars:
Trog


Message History

f - 20 stones (gained 3)
An orc comes into view. It is wielding a +0 mace.
Found a scroll labelled ANES SOAXUJASA.
The orc shouts!
You hit the orc.
The orc is poisoned.
The orc is moderately wounded.
The orc hits you with a +0 mace.
You slash the orc!
You kill the orc!
No target in view!
p - 7 boomerangs (gained 1)
Things that are here:
a +0 mace; an orc corpse
g - 8 scrolls labelled ANES SOAXUJASA (gained 1)
Found a stone staircase leading down.
Found a dagger.
f - 29 stones (gained 9) Done exploring.
Done exploring.
(D) Dungeon
Where to? (Enter - D:4, ? - help)
What level of the Dungeon? (default 1, ? - help)
There is a stone staircase leading down here.
You climb downwards.
Found 5 stones.
There is a stone staircase leading up here.
Sorry, I don't know how to get there.
Found a pair of gloves.
f - 34 stones (gained 5)
You see here a +0 pair of gloves.
u - a +0 pair of gloves You start putting on your armour.
You continue putting on your +0 pair of gloves. x4
You finish putting on your +0 pair of gloves.
Unknown command.
Unknown command.
Unknown command.
Unknown command.
Unknown command.
Are you sure you want to abandon this character and quit the game? (Confirm with "yes".)

#.# #.# #.#
#<#####.##
##+###.........
##...###.######.
##.....##.#
##.......#.#
#..@.......#
+................
#................
##.......#####..#
##.....## ..
##...## # ##+##


There were no monsters in sight!

Vanquished Creatures
  An orc priest (D:3)
  3 gnolls (D:2)
  4 adders
  2 worms (D:3)
  A dart slug (D:3)
  6 orcs (D:3)
  5 bats
  6 endoplasms
  7 giant cockroaches
  8 goblins
  7 hobgoblins
  4 jackals (D:3)
  6 quokkas
  6 ball pythons
  6 frilled lizards
  6 kobolds
  10 rats
88 creatures vanquished.

Notes
Turn   | Place    | Note
-------+----------+-------------------------------------------
     0 | D:1      | hashsling the Human Gladiator began the quest for the Orb.
     0 | D:1      | Reached XP level 1. HP: 16/16 MP: 1/1
    71 | D:1      | Reached XP level 2. HP: 22/22 MP: 2/2
   235 | D:1      | You fall into a shaft and drop 1 floor!
   295 | D:2      | Reached XP level 3. HP: 27/27 MP: 3/3
   349 | D:2      | Reached XP level 4. HP: 11/34 MP: 4/4
   361 | D:2      | Reached skill level 4 in Staves
   869 | D:1      | Found a faded altar of an unknown god.
  1041 | D:2      | Identified the +6 long sword "Tupnuoti" {venom, rCorr}
  1318 | D:2      | Reached XP level 5. HP: 40/40 MP: 5/5
  1325 | D:2      | Reached skill level 1 in Stealth
  1326 | D:2      | Reached skill level 1 in Armour
  2028 | D:3      | Reached skill level 1 in Long Blades
  2275 | D:3      | Found a bloodstained altar of Trog.
  2542 | D:3      | Reached XP level 6. HP: 47/47 MP: 6/6
  2666 | D:4      | Quit the game

Illustrated notes

Levels and vault maps discovered:
D:1:      minmay_arrival_five_plusses, layout_basic,
          shapermc_ecumenical_altar_mp_urbaneastern,
          chequers_serial_rivers_small_3, nicolae_concentric_dashed_squares_mild
D:2:      layout_basic
D:3:      layout_basic, amcnicky_altar_gilded, minmay_increasing_density
D:4:      layout_loops_corners, uniq_edmund, uniq_pikel

Skill      XL: |  1  2  3  4  5 |
---------------+----------------+-----
Staves         | 4 |  4.0
Stealth        | 1 |  1.5
Armour         | 1 |  1.2
Long Blades    | 2 |  2.2
Fighting       | 3 |  3.0
Throwing       | |  2.0
Dodging        | |  3.6

Action                     |  1- 3 |  4- 6 || total
---------------------------+-------+-------++-------
  Melee: Quarterstaff      |    61 |    57 ||   118
         Long sword        |       |    94 ||    94
         Punch             |       |     1 ||     1
  Throw: Throwing net      |     2 |       ||     2
   Stab: Held in net/web   |     1 |       ||     1
 Armour: Leather armour    |    21 |     3 ||    24
         Ring mail         |       |    44 ||    44
  Dodge: Dodged            |    35 |   113 ||   148
